Map: [ESL] Moondance

Players

Rex

  • Race: Zerg Zerg
  • Spawn Location: 6:00

Nice - Winner!

  • Race: Protoss Protoss
  • Spawn Location: 12:00

Event: DreamHack SC2 Masters 2022 Atlanta (Online)

VOD

Have the link to the VOD?

Description

Time

  • Played on: Sept. 30, 2022, 8:19 a.m.
  • Length: 13:35

All games in this series

Show
View Real Time Build Order
Export as new Build Order

Rex Zerg 

Build Orders: Hatch First 

Get SALT Encoding   

  12  0:00  Drone  
  13  0:11  Overlord  
  13  0:17  Drone  
  14  0:30  Drone x2  
  16  0:48  Hatchery  
  15  0:51  Drone  
  15  0:54  Drone  
  17  0:57  Drone  
  18  1:08  Extractor  
  17  1:13  Spawning Pool  
  17  1:15  Drone  
  17  1:19  Drone  
  18  1:27  Drone  
  19  1:38  Drone  
  20  1:50  Overlord  
  20  2:00  Queen x2  
  20  2:01  Zergling x4  
  26  2:08  Metabolic Boost  
  26  2:10  Drone  
  26  2:15  Drone  
  28  2:21  Drone x2  
  30  2:35  Hatchery  
  29  2:41  Drone  
  29  2:43  Drone  
  31  2:46  Queen  
  31  2:50  Overlord  
  33  2:53  Drone  
  33  2:55  Drone  
  33  2:57  Drone  
  36  3:03  Overlord  
  36  3:08  Queen  
  36  3:11  Drone  
  39  3:15  Drone x2  
  39  3:16  Drone  
  39  3:19  Drone  
  43  3:21  Drone  
  43  3:26  Queen  
  46  3:31  Drone x2  
  48  3:42  Overlord  
  48  3:43  Drone  
  48  3:45  Queen  
  51  3:48  Roach Warren  
  51  3:53  Overlord x2  
  50  3:55  Drone  
  50  3:59  Drone  
  51  4:04  Zergling x8  
  51  4:08  Spore Crawler  
  53  4:13  Spore Crawler  
  52  4:17  Spore Crawler  
  52  4:21  Zergling x4, Drone  
  54  4:31  Lair, Drone  
  54  4:32  Drone x6  
  54  4:37  Zergling x6  
  64  4:39  Drone  
  64  4:43  Drone x2  
  64  4:44  Drone  
  68  4:49  Drone x3  
  68  4:51  Drone  
  72  4:59  Drone x6  
  78  5:03  Queen  
  80  5:07  Spore Crawler  
  80  5:12  Spore Crawler x3  
  76  5:14  Drone x3  
  76  5:16  Drone  
  80  5:23  Drone  
  80  5:24  Overlord x2  
  80  5:29  Glial Reconstitution  
  80  5:31  Overlord  
  80  5:42  Overlord  
  80  5:46  Overlord x2  
  80  5:47  Overseer  
  80  5:52  Overlord  
  80  5:54  Extractor  
  80  5:55  Extractor  
  78  5:57  Overlord  
  78  6:00  Queen  
  78  6:01  Overlord  
  78  6:04  Queen x2, Drone  
  81  6:06  Extractor  
  81  6:08  Drone x3, Extractor  
  83  6:19  Hatchery  
  83  6:21  Overlord  
  83  6:23  Overlord x2  
  82  6:32  Drone x3  
  85  6:36  Queen  
  85  6:38  Drone x6  
  85  6:39  Queen, Drone x3  
  98  6:48  Roach  
  98  6:49  Roach x5  
  110  6:54  Extractor  
  110  6:59  Roach x2  
  113  7:01  Spore Crawler  
  113  7:03  Overlord  
  110  7:11  Roach  
  112  7:16  Overlord x2  
  112  7:17  Overlord x3  
  111  7:23  Overlord x2  
  111  7:25  Overlord x2  
  108  7:33  Overlord  
  108  7:34  Overlord  
  108  7:38  Ravager x4  
  108  7:41  Overlord  
  108  7:43  Roach x7  
  126  7:49  Roach x4  
  134  7:53  Roach x2  
  134  7:57  Ravager x2  
  139  7:59  Zergling x4  
  139  8:00  Zergling x6  
  142  8:07  Ravager  
  142  8:11  Queen x2  
  147  8:14  Zergling x2, Drone  
  139  8:30  Queen x2  
  139  8:33  Drone x6  
  142  8:46  Drone x10  
  142  8:47  Hydralisk Den, Overseer  
  143  8:50  Queen x2  
  143  8:51  Evolution Chamber  
  138  8:56  Zergling x2, Drone  
  138  8:58  Zergling x2, Drone  
  142  9:05  Queen  
  138  9:27  Spore Crawler  
  138  9:28  Spore Crawler  
  136  9:31  Grooved Spines  
  136  9:38  Zerg Missile Weapons Level 1  
  132  9:44  Hydralisk x10  
  143  10:00  Overlord x3  
  143  10:02  Overlord  
  143  10:06  Overlord  
  137  10:07  Overlord  
  135  10:14  Overlord  
  135  10:15  Overlord x3  
  135  10:18  Hydralisk x2  
  135  10:19  Hydralisk x6  
  142  10:21  Hydralisk  
  142  10:25  Hydralisk x2  
  147  10:33  Hydralisk x3  
  151  10:40  Hydralisk x3  
  153  10:43  Muscular Augments  
  153  10:46  Hydralisk x2  
  157  10:55  Baneling Nest, Infestation Pit  
  157  10:56  Hydralisk  
  155  11:02  Hydralisk  
  155  11:03  Hydralisk x2  
  163  11:05  Hydralisk  
  165  11:15  Zergling x2  
  165  11:16  Zergling x16  
  174  11:24  Zergling x2  
  174  11:25  Zergling x12  
  181  11:32  Zergling x6  
  177  11:54  Hydralisk x12  
  145  11:56  Hydralisk  
  145  12:00  Hydralisk  
  142  12:03  Hydralisk  
  142  12:05  Hydralisk  
  127  12:09  Hydralisk  
  127  12:10  Hydralisk  
  127  12:12  Hydralisk  
  127  12:15  Hydralisk  
  133  12:17  Hydralisk  
  133  12:18  Hydralisk  
  139  12:26  Hydralisk  
  139  12:28  Zergling x6  
  139  12:29  Zergling x4  
  146  12:30  Zergling x2  
  146  12:31  Zergling x2  
  146  12:35  Zergling x2  
  146  12:36  Zergling x2  
  150  12:43  Zergling x12, Extractor x2  
  154  12:45  Zergling x2  
  155  12:56  Hatchery  
  154  12:58  Hydralisk  
  154  13:00  Zergling x2, Evolution Chamber  
  154  13:02  Zergling x4  
  154  13:05  Zergling x4  
  160  13:06  Zergling x2  
  160  13:09  Zergling x4  
Show
View Real Time Build Order
Export as new Build Order

Nice Protoss - Winner!

Build Orders: 1 Gate Expand, Phoenix Opening, Mass Phoenix 

Get SALT Encoding   

  12  0:00  Probe  
  13  0:12  Probe  
  14  0:19  Pylon  
  14  0:24  Probe  
  15  0:37  Probe (Chrono Boost)  
  15  0:41  Gateway  
  16  0:49  Probe (Chrono Boost)  
  17  0:50  Assimilator  
  17  0:54  Probe (Chrono Boost)  
  18  1:04  Probe  
  19  1:16  Probe  
  20  1:28  Nexus  
  20  1:38  Cybernetics Core  
  20  1:45  Assimilator  
  21  1:47  Probe  
  21  1:53  Pylon  
  21  1:59  Probe  
  22  2:11  Probe (Chrono Boost)  
  22  2:12  Adept (Chrono Boost)  
  22  2:15  Warp Gate  
  26  2:23  Probe (Chrono Boost)  
  26  2:28  Probe (Chrono Boost)  
  27  2:34  Stalker  
  29  2:41  Probe x2 (Chrono Boost)  
  31  2:50  Probe (Chrono Boost), Pylon  
  33  2:52  Probe (Chrono Boost)  
  33  2:55  Probe (Chrono Boost)  
  34  3:01  Probe  
  34  3:04  Stargate  
  35  3:07  Probe  
  36  3:15  Probe (Chrono Boost)  
  36  3:17  Stargate  
  36  3:19  Probe (Chrono Boost)  
  37  3:25  Pylon  
  38  3:30  Adept  
  38  3:31  Probe (Chrono Boost)  
  38  3:32  Probe (Chrono Boost)  
  41  3:35  Probe (Chrono Boost)  
  41  3:38  Probe, Assimilator  
  41  3:40  Assimilator  
  43  3:45  Probe  
  43  3:47  Phoenix (Chrono Boost)  
  44  3:50  Probe  
  47  3:58  Probe  
  47  4:02  Probe  
  51  4:10  Phoenix (Chrono Boost), Probe  
  51  4:12  Adept  
  51  4:14  Probe  
  55  4:17  Phoenix (Chrono Boost)  
  55  4:22  Probe  
  58  4:24  Nexus  
  60  4:33  Phoenix x2 (Chrono Boost)  
  62  4:38  Pylon  
  62  4:43  Pylon  
  62  4:53  Shield Battery  
  62  4:56  Probe  
  62  4:57  Phoenix (Chrono Boost)  
  62  4:59  Phoenix (Chrono Boost)  
  67  5:01  Adept  
  67  5:02  Probe  
  67  5:06  Pylon  
  70  5:09  Probe  
  71  5:16  Phoenix  
  71  5:17  Probe  
  71  5:21  Probe  
  75  5:26  Phoenix  
  73  5:42  Phoenix  
  73  5:44  Probe x3, Protoss Air Weapons Level 1 (Chrono Boost)  
  73  5:48  Robotics Facility, Pylon  
  76  5:53  Gateway  
  76  5:54  Gateway  
  76  5:56  Probe  
  77  6:00  Robotics Facility  
  77  6:02  Probe  
  77  6:03  Probe, Forge  
  79  6:07  Phoenix (Chrono Boost)  
  79  6:09  Probe  
  82  6:19  Probe x2  
  82  6:21  Probe, Assimilator  
  82  6:23  Pylon  
  82  6:25  Phoenix (Chrono Boost)  
  85  6:29  Phoenix (Chrono Boost)  
  85  6:31  Probe  
  90  6:33  Probe  
  90  6:34  Probe  
  90  6:35  Pylon  
  90  6:38  Pylon  
  92  6:40  Immortal (Chrono Boost)  
  92  6:43  Probe  
  97  6:48  Immortal (Chrono Boost)  
  97  6:54  Pylon  
  101  6:55  Shield Battery  
  101  6:58  Shield Battery  
  101  7:01  Robotics Bay  
  101  7:12  Observer  
  101  7:14  Phoenix x2  
  104  7:33  Immortal x2 (Chrono Boost)  
  108  7:39  Phoenix  
  108  7:44  Protoss Ground Weapons Level 1  
  110  7:47  Photon Cannon  
  110  7:48  Photon Cannon  
  110  7:49  Pylon x2  
  110  7:50  Pylon  
  109  7:52  Stalker  
  109  7:53  Stalker  
  113  8:02  Shield Battery  
  113  8:04  Shield Battery  
  113  8:05  Disruptor, Pylon  
  116  8:06  Photon Cannon  
  116  8:08  Photon Cannon  
  114  8:23  Disruptor  
  114  8:25  Phoenix  
  117  8:33  Phoenix  
  113  8:50  Phoenix  
  115  8:58  Phoenix  
  115  9:01  Fleet Beacon  
  117  9:05  Zealot x3  
  119  9:15  Phoenix (Chrono Boost)  
  121  9:23  Phoenix (Chrono Boost)  
  123  9:26  Adept x3  
  129  9:34  Stargate  
  129  9:36  Pylon  
  129  9:39  Phoenix (Chrono Boost)  
  131  9:50  Anion Pulse-Crystals (Chrono Boost)  
  123  10:15  Carrier, Pylon  
  123  10:17  Probe x3  
  131  10:28  Protoss Air Weapons Level 2  
  131  10:31  Carrier  
  131  10:33  Nexus  
  131  10:34  Probe x2  
  131  10:36  Pylon  
  131  10:38  Shield Battery  
  131  10:40  Shield Battery  
  137  10:43  Photon Cannon  
  137  10:44  Probe  
  137  10:46  Probe x2  
  140  10:51  Disruptor (Chrono Boost), Assimilator  
  140  10:53  Observer (Chrono Boost)  
  140  10:55  Assimilator  
  140  10:56  Probe  
  145  10:57  Nexus  
  145  10:58  Pylon  
  145  11:05  Probe x2  
  145  11:08  Probe  
  145  11:10  Photon Cannon x2  
  145  11:11  Shield Battery, Photon Cannon  
  148  11:12  Disruptor (Chrono Boost)  
  148  11:14  Assimilator  
  148  11:16  Assimilator  
  151  11:18  Pylon  
  151  11:19  Gravitic Boosters (Chrono Boost)  
  151  11:24  Pylon  
  151  11:26  Probe  
  151  11:27  Twilight Council  
  151  11:30  Photon Cannon  
  151  11:31  Photon Cannon  
  151  11:32  Shield Battery  
  142  12:00  Adept x3  
  141  12:02  Carrier (Chrono Boost)  
  151  12:12  Carrier (Chrono Boost)  
  151  12:14  Immortal  
  155  12:16  Probe x4  
  155  12:17  Probe  
  160  12:28  Probe x3  
  160  12:29  Probe x2  
  165  12:31  Observer  
  172  12:55  Gateway  
  172  12:58  Gateway  
  172  13:01  Gateway  
  172  13:03  Gateway  
  172  13:04  Gateway  
  172  13:09  Gateway  
  172  13:16  Templar Archives  
  156  13:27  Zealot  
  156  13:28  Zealot x2  
Tags
 
Add a new tag
Caveats
  • Supply blocks, unpowered buildings, or Contaminate may cause inaccurate times.
  • Supply counts are checked every 10 seconds.